 Dungeon Crawl Stone Soup version 0.29.1-1-gd02db6906a (webtiles) character file.

Game seed: 5086865193923549113

1143 Hadkhar the Conjurer (level 8, -8/41 HPs)
             Began as a Deep Elf Conjurer on Oct 15, 2022.
             Was an Initiate of Qazlal.
             Killed from afar by a white imp (10 damage)
             ... with a puff of frost
             ... on level 6 of the Dungeon on Oct 16, 2022.
             The game lasted 00:38:23 (6941 turns).

Hadkhar the Conjurer (Deep Elf Conjurer)            Turns: 6941, Time: 00:38:24

Health: -8/41      AC:  4    Str:  4    XL:     8   Next: 15%
Magic:  20/20      EV: 12    Int: 26    God:    Qazlal [......]
Gold:   90         SH:  0    Dex: 13    Spells: 10/20 levels left

rFire   . . .      SeeInvis .   u - +0 scythe
rCold   . . .      Faith    .   (shield currently unavailable)
rNeg    . . .      Spirit   .   a - +0 robe
rPois   .          Reflect  .   (no helmet)
rElec   .          Harm     .   q - +0 cloak
rCorr   .          Rampage  .   (no gloves)
Will    .....                   f - +0 pair of boots
Stlth   +++.......              x - amulet of regeneration
HPRegen 0.93/turn               (no ring)
MPRegen 0.17/turn               (no ring)

@: no status effects
A: no striking features
a: Renounce Religion


You were on level 6 of the Dungeon.
You worshipped Qazlal.
Qazlal was noncommittal.
You visited 2 branches of the dungeon, and saw 7 of its levels.

You collected 306 gold pieces.
You spent 216 gold pieces at shops.

Inventory:

Hand Weapons
 c - a +0 short sword
 u - a +0 scythe (weapon)
Missiles
 t - 2 poisoned darts
Armour
 a - a +0 robe (worn)
 f - a +0 pair of boots (worn)
 q - a +0 cloak (worn)
Magical Staves
 y - a staff of air
Jewellery
 p - a ring of resist corrosion
 x - an amulet of regeneration (around neck)
 z - a ring of poison resistance
Wands
 s - a wand of roots (12)
Scrolls
 d - a scroll of immolation {unknown}
 g - 4 scrolls of butterflies {unknown}
 h - 2 scrolls of teleportation {unknown}
 m - a scroll of magic mapping {unknown}
 r - 5 scrolls of identify
 v - a scroll of enchant weapon {unknown}
 A - a scroll of amnesia {unknown}
Potions
 e - 2 potions of curing
 i - 2 potions of flight
 j - a potion of brilliance
 k - a potion of might
 l - 2 potions of mutation
 n - 3 potions of attraction {unknown}
 o - a potion of cancellation {unknown}
 w - a potion of lignification {unknown}


   Skills:
 - Level 2.6 Dodging
 - Level 5.4 Stealth
 + Level 6.6 Spellcasting
 + Level 6.6 Conjurations
 * Level 6.5 Hexes
 + Level 3.1 Earth Magic


You had 10 spell levels left.
You knew the following spells:

 Your Spells              Type           Power      Damage    Failure   Level
a - Magic Dart            Conj           100%       1d8       1%          1
b - Searing Ray           Conj           86%        2d7       1%          2
c - Dazzling Flash        Conj/Hex       86%        N/A       1%          3
d - Fulminant Prism       Conj/Hex       21%        3d13      4%          4

Your spell library contained the following spells:

 Spells                   Type           Power      Damage    Failure   Level
 Ensorcelled Hibernation  Hex/Ice        50%        N/A       2%          2
 Passwall                 Tmut/Erth      13%        N/A       4%          2
 Apportation              Tloc           16%        N/A       6%          1
 Necrotise                Necr           32%        1d5       6%          1
 Summon Small Mammal      Summ           32%        N/A       6%          1
 Iskenderun's Mystic Bla  Conj/Tloc      25%        2d7       17%         4
 Swiftness                Air            8%         N/A       19%         3
 Vampiric Draining        Necr           8%         2d6       19%         3
 Animate Armour           Summ/Erth      32%        N/A       32%         4
 Iron Shot                Conj/Erth      17%        9d4       80%         6
 Agony                    Necr           8%         N/A       87%         5
 Blade Hands              Tmut           4%         N/A       87%         5


Dungeon Overview and Level Annotations

Branches:
Dungeon (6/15)             Temple (1/1) D:4

Altars:
Ashenzari
Cheibriados
Dithmenos
Elyvilon
Fedhas
Hepliaklqana
Kikubaaqudgha
Makhleb
Nemelex Xobeh
Okawaru
Qazlal
Ru
Trog
Uskayaw
Xom
Yredelemnul
Zin
The Shining One

Shops:
D:1 =   D:4 :   D:5 *

Annotations:
D:5 2 transporters
D:6 Dowan


Message History

Aiming: Magic Dart (safe; 1% risk of failure)
Press: ? - help, Shift-Dir - straight line, f/p - Dowan
Aim: Dowan, wielding a +0 dagger and wearing a +0 leather armour (severely wounded, fast, 100% to hit)
The magic dart hits Dowan but does no damage.
Dowan is severely wounded.
Dowan casts a spell at you. The shard of ice hits you!!
The white imp summons a swarm of flies.
You closely miss Dowan.
Dowan is severely wounded.
Dowan hits you with a +0 dagger. Dowan closely misses you.
The white imp puffs mist at you. Dowan barely misses you.
You barely miss Dowan.
Dowan is severely wounded.
Dowan closely misses you.
The white imp hits you but does no damage.
Dowan hits you but does no damage.
The white imp hits you but does no damage.
You barely miss Dowan.
Dowan is severely wounded.
Dowan gestures at you while chanting. The stone arrow misses you.
Dowan casts a spell.
Dowan blinks!
The white imp gestures at you. The puff of frost misses you.
The white imp gestures at you. The puff of frost misses you.
You see here a scorpion corpse.
Magic courses through your body.
Dowan casts a spell.
Dowan blinks!
Unknown command.
Dowan points at you and mumbles some strange words.
The shard of ice hits you!!
* * * LOW HITPOINT WARNING * * *
The white imp gestures at you. The puff of frost hits you!
You die...

.....##≈≈≈≈≈≈##..###
....)#≈≈#≈≈≈#≈~....##
....#≈≈≈≈≈≈≈≈#.....##
...#≈≈#≈≈#≈##......##
#..# ≈≈≈≈≈#........#
#..###≈≈#~#..##.#.##
###....#~##..)5####.#
...#.........÷..# ###
.........[......@##
..........>.......#
...............<)##
#................#
##..........e.....##
#......>.....##....#
..##[.............##
...#....#.÷........##
#...................##


You could see Dowan (fast) and a white imp.

Vanquished Creatures
  Sigmund (D:3)
  A black bear (D:6)
  Duvessa (D:6)
  4 scorpions
  A howler monkey (D:6)
  2 hounds
  An orc priest (D:4)
  2 iguanas
  Natasha (thrice) (D:2)
  5 orc wizards
  12 adders
  2 dart slugs (D:4)
  11 orcs
  2 ball pythons
  8 endoplasms
  4 giant cockroaches
  7 goblins
  7 hobgoblins
  6 jackals (D:2)
  A bat (D:2)
  2 frilled lizards
  8 kobolds
  2 rats
93 creatures vanquished.

Vanquished Creatures (others)
  3 fulminant prisms (D:6)
  A plant (D:6)
4 creatures vanquished.

Grand Total: 97 creatures vanquished

Notes
Turn   | Place    | Note
-------+----------+-------------------------------------------
     0 | D:1      | Hadkhar the Deep Elf Conjurer began the quest for the Orb.
     0 | D:1      | Reached XP level 1. HP: 10/10 MP: 6/6
   696 | D:1      | Found a faded altar of an unknown god.
   737 | D:1      | Reached skill level 1 in Hexes
   763 | D:1      | Reached XP level 2. HP: 15/15 MP: 5/8
   897 | D:1      | Found Omul's Jewellery Shop.
  1850 | D:2      | Reached XP level 3. HP: 19/19 MP: 3/10
  1931 | D:2      | Learned a level 2 spell: Searing Ray
  2472 | D:2      | Noticed Natasha
  2540 | D:2      | Killed Natasha
  2541 | D:2      | Reached XP level 4. HP: 17/24 MP: 1/12
  2756 | D:2      | Noticed Natasha
  2758 | D:2      | Killed Natasha
  2759 | D:2      | Reached skill level 5 in Conjurations
  3253 | D:2      | Noticed Natasha
  3255 | D:2      | Killed Natasha
  3553 | D:3      | Reached XP level 5. HP: 28/28 MP: 7/13
  3835 | D:3      | Noticed Sigmund
  3839 | D:3      | Killed Sigmund
  3840 | D:3      | Reached skill level 5 in Spellcasting
  3840 | D:3      | Reached XP level 6. HP: 23/32 MP: 7/15
  4249 | D:3      | Learned a level 3 spell: Dazzling Flash
  4974 | D:4      | Reached skill level 5 in Stealth
  5120 | D:4      | Reached skill level 1 in Earth Magic
  5139 | D:4      | Found Ruos's Tremendous Tomes.
  5239 | D:4      | Reached XP level 7. HP: 19/36 MP: 1/17
  5382 | D:4      | Found a staircase to the Ecumenical Temple.
  5404 | Temple   | Entered the Ecumenical Temple
  5467 | Temple   | Became a worshipper of Qazlal Stormbringer
  5793 | D:5      | Entered Level 5 of the Dungeon
  5941 | D:5      | Found Nurr's Assorted Antiques.
  5944 | D:5      | Bought a thin glowing staff for 216 gold pieces
  5964 | D:5      | Found a transporter.
  5968 | D:5      | Noticed a kobold demonologist
  5980 | D:5      | Found a transporter.
  6159 | D:5      | Found a hazy altar of Hepliaklqana.
  6159 | D:5      | Found a sacrificial altar of Ru.
  6397 | D:5      | Reached skill level 5 in Hexes
  6458 | D:5      | Learned a level 4 spell: Fulminant Prism
  6742 | D:6      | Noticed a steam dragon
  6765 | D:6      | Reached XP level 8. HP: 41/41 MP: 0/19
  6910 | D:6      | Noticed Duvessa
  6917 | D:6      | Killed Duvessa
  6919 | D:6      | Noticed Dowan
  6941 | D:6      | HP: 2/41 [Dowan/shard of ice (20)]
  6941 | D:6      | Killed from afar by a white imp

Illustrated notes

Levels and vault maps discovered:
D:1:      minmay_arrival_stair_chambers, layout_basic,
          shapermc_ecumenical_altar_hornbeckon, serial_shops, shop
D:2:      layout_basic, dk_noncrumbling_2, uniq_natasha
D:3:      layout_loops_corners, uniq_sigmund
D:4:      layout_cave_pools, minmay_temple_entry_crystal_x,
          nicolae_shop_i_like_big_books
D:5:      gammafunk_wand_slinger, layout_basic, nicolae_overflow_two_pavilions,
          serial_shops, kennysheep_mini
D:6:      layout_cave_pools, vehumet_altar_wand_db, kennysheep_nondescript,
          serial_bayou_pond_d, minivault_4, uniq_duvessa
Temple:   nicolae_temple_x_marks_the_god

Skill      XL: |  1  2  3  4  5  6  7  8 |
---------------+-------------------------+-----
Hexes          | 1 2 3 4 6 |  6.5
Stealth        | 3 4 5 |  5.4
Spellcasting   | 4 5 6 |  6.6
Conjurations   | 5 6 |  6.6
Earth Magic    | 1 2 3 |  3.1
Dodging        | |  2.6

Action                   |  1- 3 |  4- 6 |  7- 9 || total
-------------------------+-------+-------+-------++-------
Melee: Short sword       |     3 |       |       ||     3
       Halberd           |       |    16 |    19 ||    35
 Cast: Magic Dart        |    57 |    42 |    50 ||   149
       Searing Ray       |     4 |    29 |    23 ||    56
       Fulminant Prism   |       |       |     3 ||     3
  Use: Scroll            |       |       |     4 ||     4
       Potion            |       |       |     2 ||     2
 Stab: Sleeping          |     1 |     1 |       ||     2
Armor: Robe              |       |     7 |     6 ||    13
Dodge: Dodged            |     2 |    16 |    24 ||    42
